 Dungeon Crawl Stone Soup version 0.28-a0-80-g9707f7362f (webtiles) character file.

Game seed: 10819617785062428096

54 Sweetruy1997 the Skirmisher (level 3, -3/32 HPs)
             Began as a Palentonga Abyssal Knight on Aug 5, 2021.
             Was a Follower of Lugonu.
             Slain by an orc (5 damage)
             ... on level 2 of the Dungeon.
             The game lasted 00:04:39 (1456 turns).

Sweetruy1997 the Skirmisher (PaAK)                  Turns: 1456, Time: 00:04:40

Health: -3/32      AC:  7    Str: 15    XL:     3   Next: 66%
Magic:  4/4        EV:  7    Int: 12    God:    Lugonu [*.....]
Gold:   88         SH:  0    Dex: 10    Spells: 2/2 levels left

rFire   . . .      SeeInvis +   a - +1 hand axe
rCold   . . .      Faith    .   (no shield)
rNeg    . . .      Spirit   .   d - +0 scale mail
rPois   .          Reflect  .   (no helmet)
rElec   .          Harm     .   (no cloak)
rCorr   .          Rampage  .   j - +0 pair of gloves
Will    .....                   (no barding)
Stlth   ..........              (no amulet)
HPRegen 0.10/turn               (no ring)
MPRegen 0.09/turn               (no ring)

@: no status effects
A: large, rugged brown scales 3, see invisible, deformed body, roll 1, armoured
tail
a: Rolling Charge, Renounce Religion, Depart the Abyss


You were on level 2 of the Dungeon.
You worshipped Lugonu.
Lugonu was aware of your devotion.
You visited 1 branch of the dungeon, and saw 3 of its levels.
You visited the Abyss 1 time.

You collected 88 gold pieces.

Inventory:

Hand Weapons
 a - a +1 hand axe (weapon)
Armour
 d - a +0 scale mail (worn)
 j - a +0 pair of gloves (worn)
Scrolls
 b - a scroll of identify {unknown}
 c - a scroll of immolation {unknown}
 g - 2 scrolls of teleportation {unknown}
 i - a scroll of silence {unknown}
 l - a scroll of enchant armour {unknown}
Potions
 e - a potion of magic {unknown}
 f - 2 potions of haste {unknown}
 h - a potion of cancellation {unknown}
 k - a potion of curing {unknown}


   Skills:
 + Level 3.8 Fighting
 + Level 2.7 Axes
 - Level 2.0 Armour
 + Level 1.0 Dodging
 + Level 2.1 Invocations


You had 2 spell levels left.
You didn't know any spells.
Your spell library contained the following spells:

 Spells                   Type           Power      Damage    Failure   Level
 Slow                     Hex            0%         N/A       89%         2
 Confusing Touch          Hex            0%         N/A       98%         3
 Vampiric Draining        Necr           0%         2d6       98%         3


Dungeon Overview and Level Annotations

Branches:
Dungeon (3/15)

Altars:

Shops:
D:1 (


Innate Abilities, Weirdness & Mutations

You are completely covered in rugged brown scales. (AC +3, +7% HP)
You have supernaturally acute eyesight. (SInv)
Armour fits poorly on your strangely shaped body.
You can roll at nearby foes to attack.
You have a long armoured tail.


Message History

The orc hits you but does no damage.
You slash the orc!
You kill the orc!
Lugonu accepts your kill. The orc hits you with a +0 flail.
You closely miss the orc.
Your tail-slap misses the orc.
The orc hits you but does no damage.
You barely miss the orc. The orc hits you with a +0 flail.
* * * LOW HITPOINT WARNING * * *
You barely miss the orc. The orc hits you with a +0 flail.
* * * LOW HITPOINT WARNING * * *
You completely miss the orc. The orc hits you but does no damage.
You hit the orc but do no damage. The orc barely misses you.
The orc hits you with a +0 flail.
* * * LOW HITPOINT WARNING * * *
You hit the orc but do no damage. The orc hits you but does no damage.
You hit the orc.
Your tail-slap misses the orc.
The orc is severely wounded.
The orc hits you with a +0 flail.
* * * LOW HITPOINT WARNING * * *
You closely miss the orc.
The orc is severely wounded.
The orc hits you but does no damage.
You barely miss the orc.
The orc is severely wounded.
The orc hits you but does no damage.
You barely miss the orc.
The orc is severely wounded.
The orc closely misses you.
You barely miss the orc.
The orc is severely wounded.
The orc barely misses you. The orc hits you with a +0 flail.
* * * LOW HITPOINT WARNING * * *
You barely miss the orc.
The orc is severely wounded.
The orc hits you but does no damage.
You hit the orc.
The orc is almost dead.
The orc hits you with a +0 flail.
You die...

...#....#..........#.###.....#
##.....#........<............#
.....#................#......#
...................#oo.......#
..................##.##....###
..^.............####.......#
.......####..#..####.......#
.......####.....##.........#
................@o.###.....#
......#..###.##.######...###
........## #.##..#........#######
........####.###...######..#.....
...##..........##...######.#.....
.....##..#####.##......#.........
.#.......# #...................
.........# ####..##............
###......# ##..####.#.........


You could see an orc.

Vanquished Creatures
  A worm (D:2)
  4 orcs (D:2)
  5 endoplasms
  A giant cockroach (D:2)
  4 goblins
  4 hobgoblins
  7 jackals (D:1)
  2 quokkas (D:1)
  5 ball pythons (D:1)
  2 bats
  2 frilled lizards (D:1)
  2 kobolds
  3 rats
42 creatures vanquished.

Notes
Turn   | Place    | Note
-------+----------+-------------------------------------------
     0 | Abyss:1  | Sweetruy1997 the Palentonga Abyssal Knight began the quest
                  | for the Orb.
     0 | Abyss:1  | Reached XP level 1. HP: 19/19 MP: 2/2
    87 | Abyss:1  | Noticed a flayed ghost
   138 | Abyss:2  | Noticed a small abomination
   138 | Abyss:2  | Noticed a tentacled starspawn
   140 | D:1      | Escaped the Abyss
   199 | D:1      | Found Beheq's Weapon Shoppe.
   311 | D:1      | Reached XP level 2. HP: 16/25 MP: 3/3
   313 | D:1      | Reached * piety under Lugonu
   785 | D:1      | Reached XP level 3. HP: 32/32 MP: 4/4
  1125 | D:2      | Reached skill level 1 in Dodging
  1456 | D:2      | Slain by an orc

Illustrated notes

Levels and vault maps discovered:
D:1:      psy_arrival_dodecagon, layout_rooms, serial_shops, shop
D:2:      layout_rooms
D:3:      layout_loops_corners, wander_ebering_terrifying_dragon_lair

Skill      XL: |  1  2  3 |
---------------+----------+-----
Armour         | 2 |  2.0
Dodging        | 1 |  1.0
Fighting       | |  3.8
Axes           | |  2.7
Invocations    | |  2.1

Action                   || total
-------------------------++-------
Melee: Hand axe          ||   111
       Tailslap          ||     8
Invok: Depart the Abyss  ||     1
 Abil: Rolling Charge    ||    13
Armor: Scale mail        ||    68
Dodge: Dodged            ||    56

Table legend: (Time is in decaauts)
 A = Elapsed time spent in this place.
 B = Non-inter-level travel time spent in this place.
 C = Inter-level travel time spent in this place.
 D = Time resting spent in this place.
 E = Time spent auto-exploring this place.
 F = Levels seen in this place.
 G = Mean time per level.
                   A        B        C        D        E       F      G
               +--------+--------+--------+--------+--------+-----+--------+
         Total |   1477 |   1429 |     48 |    195 |    901 |   5 |  295.4 |
       Dungeon |   1337 |   1289 |     48 |    195 |    840 |   3 |  445.7 |
         Abyss |    139 |    139 |      0 |      0 |     61 |   2 |   69.5 |
               +--------+--------+--------+--------+--------+-----+--------+

Top non-repeatable levels by time:
     D:1: 898 daAuts
     D:2: 433 daAuts
 Abyss:1: 113 daAuts
 Abyss:2: 26 daAuts
     D:3: 5 daAuts
